 Dungeon Crawl Stone Soup version 0.31.0-9-g3a7656b989 (webtiles) character file.

Game seed: 2033219247077672909

22 qw the Shooter (level 2, -1/16 HPs)
             Began as a Deep Elf Hunter on Feb 2, 2024.
             Succumbed to their own poison gas
             ... on level 1 of the Dungeon.
             The game lasted 00:00:01 (410 turns).

qw the Shooter (Deep Elf Hunter)                     Turns: 410, Time: 00:00:02

Health: -1/16      AC:  5    Str:  8    XL:     2   Next: 68%
Magic:  4/4        EV: 12    Int: 13    God:
Gold:   0          SH:  0    Dex: 18    Spells: 1/1 levels left

rFire   . . .        a - +0 shortbow
rCold   . . .        (shield currently unavailable)
rNeg    . . .        c - +0 leather armour
rPois   .            (no helmet)
rElec   .            b - +0 cloak
rCorr   .            d - +0 pair of gloves
SInv    .            (no boots)
Will    +....        (no amulet)
Stlth   ++           e - ring of willpower
HPRegen 0.22/turn    (no ring)
MPRegen 0.09/turn

%: no passive effects
@: lethally poisoned (-1 -> -8)
A: no striking features
a: no special abilities


You were on level 1 of the Dungeon.
You visited 1 branch of the dungeon, and saw 1 of its levels.


   Skills:
 - Level 1.5 Fighting
 + Level 6.4 Ranged Weapons
 - Level 2.4 Dodging
 - Level 1.2 Stealth


You had one spell level left.
You didn't know any spells.
Your spell library was empty.

Inventory:

Hand Weapons
 a - a +0 shortbow (weapon)
Armour
 b - a +0 cloak (worn)
 c - a +0 leather armour (worn)
 d - a +0 pair of gloves (worn)
Jewellery
 e - a ring of willpower (left hand)
Potions
 f - a potion of resistance {unknown}

Dungeon Overview and Level Annotations

Branches:
Dungeon (1/15)

Altars:


Message History

Found a stone staircase leading down.
You shoot an arrow. The arrow hits the hobgoblin.
The hobgoblin is heavily wounded.
You shoot an arrow. The arrow hits the hobgoblin!
You kill the hobgoblin!
h - a scroll labelled BOUDUASANN A kobold comes into view.
It is wielding a +0 dagger.
You shoot an arrow. The arrow hits the kobold.
You kill the kobold!
Things that are here:
a +0 dagger; a kobold corpse A bat is nearby!
A bat is nearby!
404 ||| UPGRADING to ring of willpower.
e - a ring of willpower (left hand)
A bat is nearby!
405 ||| READING scroll labelled SUSHEUWEED.
The air fills with toxic fumes!
As you read the scroll labelled SUSHEUWEED, it crumbles to dust.
It was a scroll of poison.
A bat is nearby!
406 ||| READING scroll labelled BOUDUASANN.
As you read the scroll labelled BOUDUASANN, it crumbles to dust.
You feel aware of your surroundings.
It was a scroll of revelation.
Enter note:
Enter note: A bat is nearby!
A bat is nearby!
Enter note:
Enter note:
Enter note: You are engulfed in poison gas.
You are lethally poisoned!
You feel very sick.
408 ||| Stepping ~*~*~tactically~*~*~ (cloud).
You feel very sick.
There is a lethal amount of poison in your body!
You feel very sick.
There is a lethal amount of poison in your body!
You die...

#..# ***#.##.#.#.............
#..# #####.##.#.##...#.#.#.#..
#..# #####.##.#......)........
##########..'....'......#.#.#.#..
...........##....######.........#
...........###.########.#.#.#.#.#
##########...#.########.........#
#.S# ##...#¤###########..#####
#..# ##...#¤¤@¤0##### ##.## #..#
####.#####¤##### #..# #..#
#####...b#.##### ##.#
**#..#**####.....#.##### #.#
,,#...,*####.....#)##### #.####
*,**,,,*####.....#.##### ##....#
*,****,*####.....#..#######......
*,**#*,*####.....##.#.....#.....#
*,*.r,,**,,.....,*#...###.#.....#


You could see a bat.

Vanquished Creatures
  A dart slug (D:1)
  2 bats (D:1)
  3 endoplasms (D:1)
  2 goblins (D:1)
  2 hobgoblins (D:1)
  A quokka (D:1)
  4 ball pythons (D:1)
  A kobold (D:1)
  A rat (D:1)
17 creatures vanquished.

Notes
Turn   | Place    | Note
-------+----------+-------------------------------------------
     0 | D:1      | qw the Deep Elf Hunter began the quest for the Orb.
     0 | D:1      | Reached XP level 1. HP: 12/12 MP: 3/3
     0 | D:1      | 0 ||| qw: Version: 0.3-a-155-g5e7d8dd
     0 | D:1      | 0 ||| qw: Game counter: 2739
     0 | D:1      | 0 ||| qw: Melee chars always use a shield: true
     0 | D:1      | 0 ||| qw: God list: Okawaru
     0 | D:1      | 0 ||| qw: Allow faded altars: false
     0 | D:1      | 0 ||| qw: Do Orc after clearing Dungeon:15 true
     0 | D:1      | 0 ||| qw: Do second Lair branch before Depths: true
     0 | D:1      | 0 ||| qw: Lair rune preference: random
     0 | D:1      | 0 ||| qw: Goals: Normal
     0 | D:1      | 0 ||| PLANNING D:1-11
    15 | D:1      | 15 ||| DROPPING scroll of butterflies.
   123 | D:1      | Reached XP level 2. HP: 16/16 MP: 4/4
   151 | D:1      | Reached skill level 6 in Ranged Weapons
   151 | D:1      | 151 ||| UPGRADING to +0 cloak.
   156 | D:1      | 156 ||| UPGRADING to +0 pair of gloves.
   214 | D:1      | 214 ||| READING scroll labelled JEDAK ERYN SIA.
   404 | D:1      | 404 ||| UPGRADING to ring of willpower.
   405 | D:1      | 405 ||| READING scroll labelled SUSHEUWEED.
   406 | D:1      | 406 ||| READING scroll labelled BOUDUASANN.
   408 | D:1      | 408 ||| Stepping ~*~*~tactically~*~*~ (cloud).
   408 | D:1      | HP: 4/16 [poisoned by you (poison gas)]
   409 | D:1      | HP: 1/16 [poisoned by you (poison gas)]
   410 | D:1      | Succumbed to their own poison gas

Levels and vault maps discovered:
D:1:      amcnicky_arrival_double_pillar, layout_basic, serial_co_window_serial,
          co_window_corner_a, co_window_of_opportunity_a, co_window_corner_a,
          co_window_corner_a, co_window_corner_a, co_window_of_opportunity_b,
          co_window_cross_2, co_window_broadway_b, co_window_paths_d,
          co_window_4corner_b, glass_columns_c, glass_columns_b,
          glass_columns_c, glass_columns_a

Skill      XL: |  1  2 |
---------------+-------+-----
Ranged Weapons | 6 |  6.4
Fighting       | |  1.5
Dodging        | |  2.4
Stealth        | |  1.2

Action                     || total
---------------------------++-------
   Fire: Shortbow          ||    28
    Use: Scroll            ||     3
 Armour: Leather armour    ||     2
  Dodge: Dodged            ||     3

Table legend:
 A = Non-vault XP
 B = Vault XP
 C = Vault XP percentage of total XP
 D = Non-vault monster count
 E = Vault monster count
 F = Vault count percentage of total count
                 A         B        C        D         E       F
            +---------+---------+-------+---------+---------+-------
      Total |      32 |       0 |   0.0 |      17 |       0 |   0.0
            +---------+---------+-------+---------+---------+-------
        D:1 |      32 |       0 |   0.0 |      17 |       0 |   0.0
            +---------+---------+-------+---------+---------+-------
